 Dungeon Crawl Stone Soup version 0.26.1-11-gd32895ea62 (webtiles) character file.

Game seed: 752789367944281735

13 infcreate the Grave Robber (level 2, 16/16 HPs)
             Began as a Vampire Necromancer on May 17, 2021.
             Quit the game on level 1 of the Dungeon.
             The game lasted 00:02:24 (848 turns).

infcreate the Grave Robber (Vampire Necromancer)     Turns: 848, Time: 00:02:25

Health: 16/16      AC:  2    Str:  7    XL:     2   Next: 24%
Magic:  5/5        EV: 13    Int: 17    God:
Gold:   120        SH:  0    Dex: 14    Spells: 3/5 levels left

rFire    . . .     SeeInvis +   c - +0 dagger
rCold    + + .     Faith    .   (no shield)
rNeg     + + +     Spirit   .   a - +0 robe
rPois    ∞         Reflect  .   (no helmet)
rElec    .         Harm     .   (no cloak)
rCorr    .         Rampage  .   (no gloves)
Will     .....                  (no boots)
Stlth    ++++......             (no amulet)
HPRegen  0.00/turn              (no ring)
MPRegen  0.09/turn              (no ring)

@: bloodless
A: fangs 3, see invisible, unbreathing
a: Revivify


You were on level 1 of the Dungeon.
You visited 1 branch of the dungeon, and saw 1 of its levels.

You collected 120 gold pieces.


Innate Abilities, Weirdness & Mutations

You do not regenerate when monsters are visible.
You are frail without blood (-20% HP).
You can heal yourself when you bite living creatures.
You are immune to poison.
You have razor-sharp teeth.
You have supernaturally acute eyesight. (SInv)
You can survive without breathing.


   Skills:
 + Level 0.5 Fighting
 + Level 2.4 Dodging
 + Level 3.3 Stealth
 + Level 2.1 Spellcasting
 + Level 4.5 Necromancy


You had 3 spell levels left.
You knew the following spells:

 Your Spells              Type           Power        Failure   Level
a - Animate Skeleton      Necr           34%          3%          1
p - Pain                  Necr           68%          3%          1

Your spell library contained the following spells:

 Spells                   Type           Power        Failure   Level
 Vampiric Draining        Necr           8%           9%          3
 Animate Dead             Necr           8%           30%         4
 Agony                    Necr           17%          63%         5

Inventory:

Hand Weapons
 c - a +0 dagger (weapon)
Armour
 a - a +0 robe (worn)
Jewellery
 f - a +6 ring of strength {unknown}
Scrolls
 b - 2 scrolls of identify {unknown}
 g - a scroll of remove curse {unknown}
Potions
 d - a potion of heal wounds {unknown}
 e - a potion of brilliance {unknown}

Dungeon Overview and Level Annotations

Branches:
Dungeon (1/15)

Altars:

#.#######.#.########
#........###........
#########.#.########
#........##
#.######## #.# #.#
#.# #@# #......g.
########.


You could see a hobgoblin (asleep).


Message History

HP restored.
You see here a bat corpse.
Found 15 gold pieces.
You now have 120 gold pieces (gained 15).
Found a golden ring.
f - a golden ring
Found 21 stones.
You see here 21 stones.
Found a scroll labelled ADATSI COAGY.
g - a scroll labelled ADATSI COAGY
Found a scroll labelled MOCRE IT VOE.
Found a robe.
A hobgoblin comes into view. It is wielding a +0 club.
A hobgoblin is nearby!
The hobgoblin shouts!
The hobgoblin hits you with a +0 club.
You barely miss the hobgoblin. The hobgoblin hits you with a +0 club.
The hobgoblin writhes in agony.
The hobgoblin closely misses you.
The hobgoblin writhes in agony.
The hobgoblin barely misses you.
The hobgoblin writhes in agony.
The hobgoblin hits you with a +0 club.
The hobgoblin writhes in agony!
You kill the hobgoblin!
b - 2 scrolls labelled MOCRE IT VOE (gained 1)
You see here a robe.
You see here a hand axe.
You see here a robe.
A hobgoblin comes into view. It is wielding a +0 club.
Unknown command.
Unknown command.
Are you sure you want to abandon this character and quit the game? (Confirm with "yes".)

Action                   || total
-------------------------++-------
Melee: Unarmed           ||     2
       Dagger            ||     3
       Bite              ||     1
 Cast: Pain              ||    19
 Abil: Exsanguinate      ||     1
 Stab: Sleeping          ||     1
Armor: Robe              ||     1
Dodge: Dodged            ||     8

Levels and vault maps discovered:
D:1:      dpeg_arrival_tiny_h, layout_loops_ring

Notes
Turn   | Place    | Note
-------+----------+-------------------------------------------
     0 | D:1      | infcreate the Vampire Necromancer began the quest for the
                  | Orb.
     0 | D:1      | Reached XP level 1. HP: 13/13 MP: 3/3
    16 | D:1      | Learned a level 1 spell: Animate Skeleton
   483 | D:1      | Reached XP level 2. HP: 16/16 MP: 5/5
   848 | D:1      | Quit the game

Vanquished Creatures
  A dart slug (D:1)
  A bat (D:1)
  A goblin (D:1)
  4 hobgoblins (D:1)
  A kobold (D:1)
  2 rats (D:1)
10 creatures vanquished.

Table legend: (Time is in decaauts)
 A = Elapsed time spent in this place.
 B = Non-inter-level travel time spent in this place.
 C = Inter-level travel time spent in this place.
 D = Time resting spent in this place.
 E = Time spent auto-exploring this place.
 F = Levels seen in this place.
 G = Mean time per level.
                   A        B        C        D        E       F      G
               +--------+--------+--------+--------+--------+-----+--------+
         Total |    847 |    823 |     24 |      2 |    753 |   1 |  847.0 |
       Dungeon |    847 |    823 |     24 |      2 |    753 |   1 |  847.0 |
               +--------+--------+--------+--------+--------+-----+--------+

Top non-repeatable levels by time:
     D:1: 847 daAuts

Table legend:
 A = Non-vault XP
 B = Vault XP
 C = Vault XP percentage of total XP
 D = Non-vault monster count
 E = Vault monster count
 F = Vault count percentage of total count
                 A         B        C        D         E       F
            +---------+---------+-------+---------+---------+-------
      Total |      19 |       0 |   0.0 |      10 |       0 |   0.0
            +---------+---------+-------+---------+---------+-------
        D:1 |      19 |       0 |   0.0 |      10 |       0 |   0.0
            +---------+---------+-------+---------+---------+-------
